 Dungeon Crawl Stone Soup version 0.18-a0-1078-gebb93d0 (webtiles) character file.

135 xgamer67 the Stinger (level 5, -10/31 HPs)
             Began as an Octopode Venom Mage on Jan 14, 2016.
             Killed by divine providence
             ... invoked by an orc priest
              (11 damage)
             ... on level 3 of the Dungeon.
             The game lasted 00:12:39 (2106 turns).

xgamer67 the Stinger (Octopode Venom Mage)          Turns: 2106, Time: 00:12:39

Health: -10/31     AC:  1    Str:  8    XL:     5   Next: 18%
Magic:  7/8        EV: 12    Int: 18    God:
Gold:   58         SH:  4    Dex: 12    Spells: 3 memorised, 2 levels left

rFire  . . .     SeeInvis .     i - +0 dagger
rCold  . . .     Gourm    .     (no shield)
rNeg   . . .     Faith    .     (helmet restricted)
rPois  .         Spirit   .     k - +4 amulet of reflection
rElec  .         Dismiss  .     (no ring)
rCorr  .         Reflect  +     (no ring)
SustAt .         Harm     .     (no ring)
MR     .....                    (no ring)
Stlth  +++.......               (no ring)
                                (no ring)
                                (no ring)
                                (no ring)

@: flying (expiring), not resistant to hostile enchantments, fairly stealthy
A: almost no armour, amphibious, 8 rings, constrict 8, camouflage 1, gelatinous
body 1
a: no special abilities


You were on level 3 of the Dungeon.
You were hungry.

You visited 1 branch of the dungeon, and saw 3 of its levels.

You collected 58 gold pieces.

Inventory:

Hand Weapons
 d - a +0 short sword
 i - a +0 dagger (weapon)
Missiles
 c - 43 stones (quivered)
Jewellery
 k - a +4 amulet of reflection (around mantle)
Scrolls
 h - a scroll of noise
 j - a scroll of remove curse
Books
 a - a Young Poisoner's Handbook

   Spells                             Type                      Level
   a - Sting                          Conjuration/Poison           1
   b - Cure Poison                    Poison                       2
   c - Mephitic Cloud                 Conjuration/Poison/Air       3
   d - Olgreb's Toxic Radiance        Poison                       4
   e - Venom Bolt                     Conjuration/Poison           5
Comestibles
 b - 3 bread rations
 g - a meat ration
 m - a beef jerky


   Skills:
 - Level 2.0 Dodging
 - Level 3.0 Stealth
 - Level 2.0 Spellcasting
 * Level 3.9 Conjurations
 + Level 1.7 Air Magic
 - Level 5.0 Poison Magic


You had 2 spell levels left.
You knew the following spells:

 Your Spells              Type           Power        Failure   Level  Hunger
a - Sting                 Conj/Pois      ###.         3%          1    #......
b - Mephitic Cloud        Conj/Pois/Air  ##......     14%         3    ###....
P - Cure Poison           Pois           ###.......   3%          2    ###....


Dungeon Overview and Level Annotations

Branches:
Dungeon (3/15)

Altars:
Okawaru

Annotations:
D:2 exclusion: 2 adders


Innate Abilities, Weirdness & Mutations

You cannot wear most types of armour.
You are amphibious.
You can wear up to eight rings at the same time.
You can use your tentacles to constrict eight enemies at once.
Your skin changes colour to match your surroundings (Stealth).
Your rubbery body absorbs attacks (AC +1).


Message History

It is a scroll of enchant armour.
You aren't carrying any armour which can be enchanted further.
The orc barely misses you.
The orc priest calls down the wrath of Beogh upon you.
Something smites you!
* * * LOW HITPOINT WARNING * * *
Drink which item? (? for menu, Esc to quit)
It was a potion of flight.
You feel very buoyant.
You fly up into the air.
The orc hits you.
* * * LOW HITPOINT WARNING * * *
The orc wizard gestures at you while chanting.
You resist with some effort.
Drink which item? (? for menu, Esc to quit)
It was a potion of cancellation.
Your magical effects are unravelling.
You feel magically purged. The orc misses you.
The orc priest mumbles some strange prayers to Beogh against you.
Something smites you!
You die...

..... #....#.......
#.... #..#..##.....
#...# .......#......
#...# ###.....#..####
#..o########.##.#..#...
#....o....##.......#.##
##..#####o#####.#......
#...o.##.# #.#......
##.##@##.# #......##
#.##o##o# ####.####
#..ooo..# #.####
#..........#### #.....
####.#.##### ###### ?$
#. ## #. #. #.


You could see an orc priest, an orc wizard and 3 orcs.

Vanquished Creatures
  Natasha (twice) (D:2 D:1)
  3 adders
  A gnoll (D:3)
  3 giant geckos
  An orc (D:3)
  5 bats (D:1)
  A giant cockroach (D:2)
  8 goblins
  6 hobgoblins
  2 jackals (D:1)
  A quokka (D:3)
  2 giant newts (D:1)
  5 kobolds
  2 rats (D:1)
42 creatures vanquished.

Notes
Turn   | Place    | Note
--------------------------------------------------------------
     0 | D:1      | xgamer67 the Octopode Venom Mage began the quest for the Orb.
     0 | D:1      | Reached XP level 1. HP: 11/11 MP: 3/3
   343 | D:1      | Reached skill level 1 in Conjurations
   468 | D:1      | Reached skill level 5 in Poison Magic
   468 | D:1      | Reached XP level 2. HP: 17/17 MP: 1/5
   505 | D:1      | Learned a level 2 spell: Cure Poison
   725 | D:1      | Found an iron altar of Okawaru.
  1047 | D:1      | Reached XP level 3. HP: 21/21 MP: 6/6
  1239 | D:1      | Learned a level 3 spell: Mephitic Cloud
  1310 | D:2      | Noticed Natasha
  1313 | D:2      | Killed Natasha
  1328 | D:2      | Noticed Natasha
  1378 | D:1      | Killed Natasha
  1378 | D:1      | Reached skill level 1 in Air Magic
  1378 | D:1      | Reached XP level 4. HP: 15/27 MP: 0/7
  1864 | D:3      | Reached XP level 5. HP: 26/31 MP: 5/8
  2105 | D:3      | HP: 1/31 [orc (2)]
  2106 | D:3      | Killed from afar by an orc priest

Vault maps used:
D:1:      dpeg_arrival_signposts, minmay_stone_trees_small,
          okawaru_ov_weapons_minmay
D:2:      ecumenical_altar_2, corexii_leaking_fountain, uniq_natasha
D:3:      first_bread, minivault_23, uniq_terence

Action                   |  1- 3 |  4- 6 || total
-------------------------+-------+-------++-------
Melee: Short sword       |    12 |       ||    12
       Unarmed           |     2 |       ||     2
       Dagger            |    11 |    20 ||    31
Throw: Stone             |     9 |       ||     9
 Cast: Sting             |    37 |    29 ||    66
       Cure Poison       |       |     2 ||     2
       Mephitic Cloud    |       |     1 ||     1
  Use: Scroll            |       |     3 ||     3
       Potion            |       |     2 ||     2
 Stab: Sleeping          |     4 |     1 ||     5
  Eat: Chunk             |     2 |     2 ||     4
